AA NE
NEW HAMPSHIRE FISHER CATS @ SOMERSET PATRIOTS
07/15/2041
 
TOP OF THE 1ST
New Hampshire Fisher Cats batting - Pitching for Somerset Patriots : RHP Eric Summers
Pitching: RHP Eric Summers
Batting: RHB Rogerio López 0-0: Ball
1-0: Bunt for hit to 2R - play at first, batter OUT! 2-3
Batting: RHB Ron Kirkland 0-0: Swinging Strike
0-1: Ground out 5-3 (Groundball, 56S, EV 88.1 MPH)
Batting: SHB Dan Tutt 0-0: Called Strike
0-1: Fly out, F9 (Flyball, 9, EV 88.1 MPH)
Top of the 1st over - 0 runs, 0 hits, 0 errors, 0 left on base; New Hampshire 0 - Somerset 0
BOTTOM OF THE 1ST
Somerset Patriots batting - Pitching for New Hampshire Fisher Cats : RHP Apomurti Sudhanshu
Pitching: RHP Apomurti Sudhanshu
Batting: LHB Dave Hamilton 0-0: Ball
1-0: Foul Ball, location: 23F
1-1: Ball
2-1: Swinging Strike
2-2: Foul Ball, location: 2F
2-2: Ball
3-2: Foul Ball, location: 23F
3-2: Strikes out swinging
Batting: RHB Al Mitchell 0-0: Called Strike
0-1: Ball
1-1: Ball
2-1: Swinging Strike
2-2: Strikes out swinging
Batting: RHB Sacco Blok 0-0: Ball
1-0: Swinging Strike
1-1: Fly out, F9 (Flyball, 9D, EV 111.3 MPH)
Bottom of the 1st over - 0 runs, 0 hits, 0 errors, 0 left on base; New Hampshire 0 - Somerset 0
TOP OF THE 2ND
New Hampshire Fisher Cats batting - Pitching for Somerset Patriots : RHP Eric Summers
Batting: RHB Rusty Vogelsang 0-0: Swinging Strike
0-1: Ball
1-1: Foul Ball, location: 2F
1-2: Foul Ball, location: 3SF
1-2: Ball
2-2: Strikes out swinging
Batting: RHB Pat Roberts 0-0: Called Strike
0-1: Foul Ball, location: 23FF
0-2: Ball
1-2: Ball
2-2: Foul Ball, location: 7LMF
2-2: Strikes out swinging
Batting: RHB Anastasio Larreynaga 0-0: SINGLE (Line Drive, 6MD, EV 105.6 MPH)
Batting: LHB J.J. Jackson 0-0: Called Strike
0-1: Called Strike
0-2: Foul Ball, location: 2F
0-2: Foul Ball, location: 2F
0-2: Fly out, F7 (Flyball, 7LM, EV 91.9 MPH)
Top of the 2nd over - 0 runs, 1 hit, 0 errors, 1 left on base; New Hampshire 0 - Somerset 0
BOTTOM OF THE 2ND
Somerset Patriots batting - Pitching for New Hampshire Fisher Cats : RHP Apomurti Sudhanshu
Batting: RHB Tom Waltenbery 0-0: Ball
1-0: Foul Ball, location: 9LSF
1-1: Swinging Strike
1-2: Ball
2-2: SINGLE (Groundball, 4MD, EV 105.6 MPH) (infield hit)
Batting: LHB Josh Miller 0-0: Called Strike
0-1: Ball
1-1: Ball
2-1: Foul Ball, location: 7LDF
2-2: Fly out, F6 (Popup, 4MD, EV 67.5 MPH)
Batting: RHB Jim Gardner 0-0: Ball
1-0: Swinging Strike
1-1: Ball
2-1: Fly out, F9 (Flyball, 89D, EV 105.6 MPH)
Batting: RHB Jorge Gabriel 0-0: Ball
1-0: Fly out, F5 (Popup, 25F, EV 85.0 MPH)
Bottom of the 2nd over - 0 runs, 1 hit, 0 errors, 1 left on base; New Hampshire 0 - Somerset 0
TOP OF THE 3RD
New Hampshire Fisher Cats batting - Pitching for Somerset Patriots : RHP Eric Summers
Batting: RHB Juan Vázquez 0-0: Called Strike
0-1: Foul Ball, location: 9LSF
0-2: Ball
1-2: Ball
2-2: Fly out, F6 (Popup, 4MD, EV 63.8 MPH)
Batting: RHB Jorge Ferrán 0-0: Ball
1-0: Ball
2-0: Ball
3-0: Base on Balls
Batting: RHB Rogerio López 0-0: Ball
1-0: Foul Ball, location: 2F
1-1: Reached on error, E4 (Groundball, 4, EV 90.0 MPH)
Jorge Ferrán to second
Batting: RHB Ron Kirkland 0-0: Called Strike
0-1: Ball
1-1: Ball
2-1: Foul Ball, location: 9LSF
2-2: Ball
3-2: Base on Balls
Jorge Ferrán to third
Rogerio López to second
Batting: SHB Dan Tutt 0-0: Foul Ball, location: 5DF
0-1: SINGLE (Groundball, 4D, EV 98.1 MPH)
Jorge Ferrán scores
Rogerio López to third
Ron Kirkland to second
Batting: RHB Rusty Vogelsang 0-0: Called Strike
0-1: Foul Ball, location: 2F
0-2: SINGLE (Groundball, 34D, EV 98.8 MPH)
Rogerio López scores
Ron Kirkland to third
Dan Tutt to second
Runner from 3rd tries for Home, SAFE, throw by RF to home
Batting: RHB Pat Roberts 0-0: Called Strike
0-1: Fielders Choice at 2nd, 2-6 (Groundball, 13S, EV 73.1 MPH)
Dan Tutt to third
Batting: RHB Anastasio Larreynaga 0-0: Ball
1-0: Ball
2-0: Ground out 2-3 (Groundball, 15S, EV 69.4 MPH)
Top of the 3rd over - 3 runs, 2 hits, 1 error, 2 left on base; New Hampshire 3 - Somerset 0
BOTTOM OF THE 3RD
Somerset Patriots batting - Pitching for New Hampshire Fisher Cats : RHP Apomurti Sudhanshu
Batting: RHB Willie Webb 0-0: Called Strike
0-1: Swinging Strike
0-2: Ball
1-2: Ground out 6-3 (Groundball, 6S, EV 67.5 MPH)
Batting: RHB Jim Unknown 0-0: Ball
1-0: Ball
2-0: Foul Ball, location: 2F
2-1: SINGLE (Groundball, 4S, EV 66.9 MPH) (infield hit)
Batting: LHB Dave Hamilton 0-0: Ball
1-0: Called Strike
1-1: Foul Ball, location: 7LMF
1-2: Foul Ball, location: 3F
1-2: Ball
2-2: Strikes out swinging
Batting: RHB Al Mitchell 0-0: Called Strike
0-1: Fielders Choice at 2nd, 5-4 (Groundball, 56, EV 83.8 MPH)
Bottom of the 3rd over - 0 runs, 1 hit, 0 errors, 1 left on base; New Hampshire 3 - Somerset 0
TOP OF THE 4TH
New Hampshire Fisher Cats batting - Pitching for Somerset Patriots : RHP Eric Summers
Batting: LHB J.J. Jackson 0-0: Called Strike
0-1: Foul Ball, location: 7LMF
0-2: Foul Ball, location: 5SF
0-2: SINGLE (Groundball, 34S, EV 68.1 MPH) (infield hit)
Batting: RHB Juan Vázquez 0-0: Called Strike
0-1: Swinging Strike
0-2: Foul Ball, location: 5F
0-2: Grounds into double play, 5-4-3 (Groundball, 15, EV 83.8 MPH)
Batting: RHB Jorge Ferrán 0-0: Swinging Strike
0-1: Ball
1-1: Ball
2-1: Ball
3-1: Base on Balls
Batting: RHB Rogerio López 0-0: Ground out 4-3 (Groundball, 4, EV 83.8 MPH)
Top of the 4th over - 0 runs, 1 hit, 0 errors, 1 left on base; New Hampshire 3 - Somerset 0
BOTTOM OF THE 4TH
Somerset Patriots batting - Pitching for New Hampshire Fisher Cats : RHP Apomurti Sudhanshu
Batting: RHB Sacco Blok 0-0: Ball
1-0: Called Strike
1-1: Fly out, F8 (Flyball, 89M, EV 86.3 MPH)
Batting: RHB Tom Waltenbery 0-0: Fly out, F9 (Flyball, 89M, EV 93.1 MPH)
Batting: LHB Josh Miller 0-0: Called Strike
0-1: Foul Ball, location: 9LMF
0-2: Ball
1-2: Ball
2-2: Fly out, F6 (Popup, 6M, EV 56.3 MPH)
Bottom of the 4th over - 0 runs, 0 hits, 0 errors, 0 left on base; New Hampshire 3 - Somerset 0
TOP OF THE 5TH
New Hampshire Fisher Cats batting - Pitching for Somerset Patriots : RHP Eric Summers
Batting: RHB Ron Kirkland 0-0: Ball
1-0: Called Strike
1-1: Swinging Strike
1-2: Ball
2-2: Ball
3-2: Foul Ball, location: 2F
3-2: Base on Balls
Batting: SHB Dan Tutt 0-0: Ball
1-0: Ball
2-0: Ball
3-0: Called Strike
3-1: Fly out, F7 (Flyball, 78M, EV 93.8 MPH)
Batting: RHB Rusty Vogelsang 0-0: Ball
1-0: Ball
2-0: Foul Ball, location: 2F
2-1: Ball
3-1: Base on Balls
Ron Kirkland to second
Pitching: LHP Jim Unknown
Batting: RHB Pat Roberts 0-0: Ball
1-0: Ball
2-0: Ball
3-0: Called Strike
3-1: Swinging Strike
3-2: Foul Ball, location: 9LMF
3-2: Base on Balls
Ron Kirkland to third
Rusty Vogelsang to second
Batting: RHB Anastasio Larreynaga 0-0: Foul Ball, location: 2F
0-1: Foul Ball, location: 5F
0-2: Ball
1-2: Ball
2-2: Foul Ball, location: 2F
2-2: Ball
3-2: Grounds into fielders choice 1-2 (Groundball, 13S, EV 72.5 MPH)
Rusty Vogelsang to third
Pat Roberts to second
Batting: LHB J.J. Jackson 0-0: Ball
1-0: Foul Ball, location: 7LDF
1-1: Foul Ball, location: 7LSF
1-2: Strikes out looking
Top of the 5th over - 0 runs, 0 hits, 0 errors, 3 left on base; New Hampshire 3 - Somerset 0
BOTTOM OF THE 5TH
Somerset Patriots batting - Pitching for New Hampshire Fisher Cats : RHP Apomurti Sudhanshu
Batting: RHB Jim Gardner 0-0: Ball
1-0: Fly out, F8 (Flyball, 89S, EV 89.4 MPH)
Batting: RHB Jorge Gabriel 0-0: Swinging Strike
0-1: Ball
1-1: Ball
2-1: Swinging Strike
2-2: Strikes out swinging
Batting: RHB Willie Webb 0-0: Ball
1-0: Foul Ball, location: 9LDF
1-1: Ball
2-1: Called Strike
2-2: Ball
3-2: Foul Ball, location: 2F
3-2: Foul Ball, location: 2F
3-2: Ground out 6-3 (Groundball, 6, EV 83.1 MPH)
Bottom of the 5th over - 0 runs, 0 hits, 0 errors, 0 left on base; New Hampshire 3 - Somerset 0
TOP OF THE 6TH
New Hampshire Fisher Cats batting - Pitching for Somerset Patriots : LHP Jim Unknown
Batting: RHB Juan Vázquez 0-0: Ball
1-0: Ball
2-0: Called Strike
2-1: Ball
3-1: Base on Balls
Batting: RHB Jorge Ferrán 0-0: Called Strike
Juan Vázquez steals 2nd base
0-1: Foul Ball, location: 7LSF
0-2: Ball
1-2: Ground out 5-3 (Groundball, 5S, EV 91.9 MPH)
Juan Vázquez to third
Batting: RHB Rogerio López 0-0: Swinging Strike
0-1: Ball
1-1: Ball
2-1: Ball
3-1: Base on Balls
Batting: RHB Ron Kirkland 0-0: Ball
1-0: Fly out, F9 (Flyball, 89D, EV 91.9 MPH)
Batting: SHB Dan Tutt 0-0: Called Strike
0-1: Swinging Strike
0-2: Ball
1-2: 3-RUN HOME RUN (Flyball, 7D, EV 97.5 MPH), Distance : 386 ft
Batting: RHB Rusty Vogelsang 0-0: Ball
1-0: Ball
2-0: Ball
3-0: Called Strike
3-1: Base on Balls
Pitching: RHP Jim Unknown
Batting: RHB Pat Roberts 0-0: Ball
1-0: Hit by Pitch
Rusty Vogelsang to second
Batting: RHB Anastasio Larreynaga 0-0: Ball
1-0: Ball
2-0: Ball
3-0: Foul Ball, location: 5F
3-1: Foul Ball, location: 9LSF
3-2: Foul Ball, location: 23FF
3-2: SINGLE (Groundball, 4MD, EV 107.5 MPH)
Rusty Vogelsang to third
Pat Roberts to second
Rusty Vogelsang scores
Pat Roberts to third
Batting: LHB J.J. Jackson 0-0: Ball
1-0: Swinging Strike
1-1: Ball
2-1: Foul Ball, location: 7LMF
2-2: Strikes out swinging
Top of the 6th over - 4 runs, 2 hits, 0 errors, 2 left on base; New Hampshire 7 - Somerset 0
BOTTOM OF THE 6TH
Somerset Patriots batting - Pitching for New Hampshire Fisher Cats : RHP Apomurti Sudhanshu
Batting: RHB Jim Unknown 0-0: Called Strike
0-1: Fly out, F9 (Line Drive, 89M, EV 88.1 MPH)
Batting: LHB Dave Hamilton 0-0: Ball
1-0: Fly out, F8 (Flyball, 8LS, EV 87.5 MPH)
Batting: RHB Al Mitchell 0-0: Called Strike
0-1: Ball
1-1: Foul Ball, location: 9LMF
1-2: SINGLE (Groundball, 6D, EV 109.4 MPH)
Batting: RHB Sacco Blok 0-0: Called Strike
0-1: Fly out, F7 (Flyball, 78M, EV 79.4 MPH)
Bottom of the 6th over - 0 runs, 1 hit, 0 errors, 1 left on base; New Hampshire 7 - Somerset 0
TOP OF THE 7TH
New Hampshire Fisher Cats batting - Pitching for Somerset Patriots : RHP Jim Unknown
Batting: RHB Juan Vázquez 0-0: Ground out 6-3 (Groundball, 6M, EV 103.1 MPH)
Batting: RHB Jorge Ferrán 0-0: Fly out, F8 (Line Drive, 8RM, EV 110.6 MPH)
Batting: RHB Rogerio López 0-0: SINGLE (Groundball, 4S, EV 63.8 MPH) (infield hit)
Batting: RHB Ron Kirkland 0-0: Ball
1-0: Ball
Rogerio López is caught stealing 2nd base 2-4
Top of the 7th over - 0 runs, 1 hit, 0 errors, 0 left on base; New Hampshire 7 - Somerset 0
BOTTOM OF THE 7TH
Somerset Patriots batting - Pitching for New Hampshire Fisher Cats : RHP Apomurti Sudhanshu
Pinch Hitting: LHB Jim Unknown 0-0: SINGLE (Groundball, 6MD, EV 103.8 MPH)
Pinch Hitting: SHB Jim Unknown 0-0: Grounds into double play, 6-4-3 (Groundball, 6, EV 84.4 MPH)
Batting: RHB Jim Gardner 0-0: Ball
1-0: Ball
2-0: Fly out, F8 (Flyball, 8RM, EV 91.3 MPH)
Bottom of the 7th over - 0 runs, 1 hit, 0 errors, 0 left on base; New Hampshire 7 - Somerset 0
TOP OF THE 8TH
New Hampshire Fisher Cats batting - Pitching for Somerset Patriots : RHP Jim Unknown
Now at 1B: Jim Unknown
Now in LF: Jim Unknown
Batting: RHB Ron Kirkland 0-0: Ground out 5-3 (Groundball, 5, EV 103.8 MPH)
Batting: SHB Dan Tutt 0-0: Called Strike
0-1: Swinging Strike
0-2: Strikes out swinging
Batting: RHB Rusty Vogelsang 0-0: Ball
1-0: Called Strike
1-1: Foul Ball, location: 3F
1-2: Foul Ball, location: 9LMF
1-2: Foul Ball, location: 2F
1-2: Ball
2-2: Strikes out swinging
Top of the 8th over - 0 runs, 0 hits, 0 errors, 0 left on base; New Hampshire 7 - Somerset 0
BOTTOM OF THE 8TH
Somerset Patriots batting - Pitching for New Hampshire Fisher Cats : RHP Apomurti Sudhanshu
Batting: RHB Jorge Gabriel 0-0: Ball
1-0: Swinging Strike
1-1: Ball
2-1: Ball
3-1: Swinging Strike
3-2: Foul Ball, location: 7LSF
3-2: Foul Ball, location: 9LDF
3-2: Strikes out swinging
Batting: RHB Willie Webb 0-0: Ball
1-0: Foul Ball, location: 2F
1-1: Fly out, F2 (Popup, 2LF, EV 95.6 MPH)
Batting: RHB Jim Unknown 0-0: Ball
1-0: Fly out, F8 (Flyball, 8RD, EV 101.9 MPH)
Bottom of the 8th over - 0 runs, 0 hits, 0 errors, 0 left on base; New Hampshire 7 - Somerset 0
TOP OF THE 9TH
New Hampshire Fisher Cats batting - Pitching for Somerset Patriots : RHP Jim Unknown
Batting: RHB Pat Roberts 0-0: Called Strike
0-1: Called Strike
0-2: Ball
1-2: Ball
2-2: Ground out 4-3 (Groundball, 4, EV 106.9 MPH)
Batting: RHB Anastasio Larreynaga 0-0: Ball
1-0: Ball
2-0: Swinging Strike
2-1: Swinging Strike
2-2: Ball
3-2: Base on Balls
Batting: LHB J.J. Jackson 0-0: Ball
1-0: Called Strike
1-1: Ball
2-1: Foul Ball, location: 2F
2-2: Foul Ball, location: 5F
2-2: Foul Ball, location: 2F
2-2: SINGLE (Groundball, 4MD, EV 103.8 MPH)
Anastasio Larreynaga to second
Runner from 2nd tries for 3rd, SAFE, throw by CF made to third
Batting: RHB Juan Vázquez 0-0: Foul Ball, location: 2F
0-1: Ball
1-1: Ball
2-1: Swinging Strike
2-2: Foul Ball, location: 2F
2-2: Strikes out looking
Batting: RHB Jorge Ferrán 0-0: Ball
1-0: DOUBLE (Flyball, 78D, EV 101.3 MPH)
Anastasio Larreynaga scores
J.J. Jackson to third
Batting: RHB Rogerio López 0-0: Ball
1-0: Ball
2-0: Called Strike
2-1: Called Strike
2-2: Foul Ball, location: 5F
2-2: Ground out 6-3 (Groundball, 56, EV 84.4 MPH)
Top of the 9th over - 1 run, 2 hits, 0 errors, 2 left on base; New Hampshire 8 - Somerset 0
BOTTOM OF THE 9TH
Somerset Patriots batting - Pitching for New Hampshire Fisher Cats : RHP Apomurti Sudhanshu
Pitching: RHP Rodrigo Cruz
Batting: LHB Dave Hamilton 0-0: Ball
1-0: Fly out, F7 (Flyball, 7LM, EV 106.3 MPH)
Batting: RHB Al Mitchell 0-0: Foul Ball, location: 5F
0-1: SINGLE (Line Drive, 9LS, EV 88.8 MPH)
Batting: RHB Sacco Blok 0-0: Grounds into double play, 6-4-3 (Groundball, 6M, EV 84.4 MPH)
Bottom of the 9th over - 0 runs, 1 hit, 0 errors, 0 left on base; New Hampshire 8 - Somerset 0
Monday, April 1st , 2024 - OOTP Baseball 24.10 Build 82